AoeStats
← DS_Kvothe

Arabia

508759468Analyzed
1v1 RM · 9d ago on Sep 23, 2026· 35m 42s· 2 players
Game mode
Random Map
Map size
Tiny (2 player)
Population
200
Speed
Normal
Resources
Standard
Victory
Conquest
Starting age
Dark Age
Ending age
Imperial Age
RankedLock teamsTeams togetherTeam positionsShared explorationLock speedFull tech treeHidden civsTurbo modeCheats
Victory
Defeat
🇦🇷 Persians · Argentina
1878
+17
🇨🇿 Slavs · Czechia
1889
-17
DS_Kvothe
6:09 Loom
8:35 Feudal Age
9:21 Double-Bit Axe
10:06 Horse Collar
19:41 Castle Age
18:36 Fletching
19:09 Bloodlines
19:14 Gold Mining
20:25 Bow Saw
22:34 Wheelbarrow
22:02 Bodkin Arrow
24:00 Wheelbarrow
24:54 Ballistics
24:39 Husbandry
25:41 Padded Archer Armor
27:29 Hand Cart
29:03 Thumb Ring
35:38 Imperial Age
33:33 Scale Barding Armor
33:39 Forging
34:35 Chain Barding Armor
34:45 Leather Archer Armor
alesh
5:42 Loom
8:25 Feudal Age
9:34 Double-Bit Axe
18:55 Castle Age
18:12 Horse Collar
21:29 Bow Saw
21:37 Heavy Plow
24:36 Town Watch
25:47 Wheelbarrow
31:45 Redemption
36:01 Imperial Age
Connection lost

Rejoining the realm…

Still unreachable

The connection could not be restored.

Session expired

The server has moved on; the page needs a fresh start.